 Dungeon Crawl Stone Soup version 0.27.1-4-g1640c2035a (webtiles) character file.

Game seed: 13990405816749632976

5562 GlazedDonut the Summoner (level 10, 91/91 HPs)
             Began as a Yellow Draconian Summoner on Nov 6, 2021.
             Was a Believer of Yredelemnul.
             Got out of the dungeon alive.
             The game lasted 01:23:57 (17580 turns).

GlazedDonut the Summoner (DrSu)                    Turns: 17580, Time: 01:23:58

Health: 91/91      AC: 11    Str: 11    XL:     10   Next: 44%
Magic:  22/22      EV: 12    Int: 19    God:    Yredelemnul [**....]
Gold:   561        SH:  0    Dex: 11    Spells: 12/25 levels left

rFire    + . .     SeeInvis .   w - +3 quarterstaff (chaos)
rCold    . . .     Faith    .   (shield currently unavailable)
rNeg     . . .     Spirit   .   (armour unavailable)
rPois    .         Reflect  .   (helmet restricted)
rElec    .         Harm     .   x - +1 cloak
rCorr    +         Rampage  .   (no gloves)
Will     .....                  j - +1 pair of boots
Stlth    ++........             l - amulet of regeneration
HPRegen  1.25/turn              z - ring of protection from fire
MPRegen  0.18/turn              (no ring)

@: no status effects
A: spit acid, AC +7, unfitting armour, cold-blooded, acid resistance
a: Breathe Acid, Renounce Religion, Animate Remains, Recall Undead Slaves,
Injury Mirror


You escaped.
You worshipped Yredelemnul.
Yredelemnul was pleased with you.
You visited 2 branches of the dungeon, and saw 13 of its levels.

You collected 561 gold pieces.

Inventory:

Hand Weapons
 w - a +3 quarterstaff of chaos (weapon)
 I - the +4 long sword "Lumaakh" {vorpal, Will+}
   (You found it on level 9 of the Dungeon)

   It inflicts extra damage upon your enemies.
   Will:      It increases your willpower.
Missiles
 d - 5 silver boomerangs
 E - 26 poisoned darts
Armour
 j - a +1 pair of boots (worn)
 x - a +1 cloak (worn)
 J - a scarf of repulsion
Magical Staves
 u - a staff of air
Jewellery
 g - an amulet of reflection
 l - an amulet of regeneration (around neck)
 z - a ring of protection from fire (left hand)
Wands
 b - a wand of charming (13)
 k - a wand of flame (85) (quivered)
Scrolls
 h - 2 scrolls of fear {unknown}
 n - 2 scrolls of amnesia {unknown}
 o - 3 scrolls of enchant weapon {unknown}
 p - a scroll of brand weapon {unknown}
 r - 3 scrolls of magic mapping {unknown}
 t - a scroll of immolation {unknown}
 v - a scroll of blinking {unknown}
 y - 2 scrolls of teleportation {unknown}
 A - 2 scrolls of vulnerability {unknown}
 D - a scroll of holy word {unknown}
 F - a scroll of torment {unknown}
Potions
 a - 3 potions of curing
 c - 3 potions of might
 e - 3 potions of ambrosia
 f - 4 potions of heal wounds
 i - a potion of haste
 m - 2 potions of resistance
 q - 2 potions of brilliance
 s - 2 potions of mutation
 B - a potion of flight
 C - 2 potions of invisibility
 G - a potion of berserk rage
Miscellaneous
 H - a phantom mirror


   Skills:
 + Level 9.2 Fighting
 - Level 1.9 Dodging
 - Level 1.9 Stealth
 + Level 8.2 Spellcasting
 + Level 9.5 Summonings
 + Level 4.8 Evocations


You had 12 spell levels left.
You knew the following spells:

 Your Spells              Type           Power      Damage    Failure   Level
a - Summon Small Mammal   Summ           100%       N/A       1%          1
b - Call Imp              Summ           43%        N/A       1%          2
c - Call Canine Familiar  Summ           43%        N/A       1%          3
d - Summon Guardian Gole  Hex/Summ       25%        N/A       3%          3
e - Summon Lightning Spi  Summ/Air       25%        N/A       13%         4

Your spell library contained the following spells:

 Spells                   Type           Power      Damage    Failure   Level
 Corona                   Hex            7%         N/A       9%          1
 Magic Dart               Conj           28%        1d4       9%          1
 Summon Ice Beast         Ice/Summ       25%        N/A       13%         4
 Blink                    Tloc           N/A        N/A       14%         2
 Ensorcelled Hibernation  Hex/Ice        14%        N/A       14%         2
 Searing Ray              Conj           14%        3d3       14%         2
 Lesser Beckoning         Tloc           3%         N/A       26%         3
 Tukima's Dance           Hex            7%         N/A       26%         3
 Summon Forest            Summ/Tloc      12%        N/A       34%         5
 Summon Mana Viper        Hex/Summ       25%        N/A       34%         5
 Airstrike                Air            3%         N/A       65%         4
 Fulminant Prism          Conj/Hex       3%         3d6       65%         4
 Passage of Golubria      Tloc           N/A        N/A       65%         4
 Monstrous Menagerie      Summ           21%        N/A       83%         7
 Summon Hydra             Summ           21%        N/A       83%         7
 Lightning Bolt           Conj/Air       3%         1d15      94%         5
 Manifold Assault         Tloc           7%         N/A       94%         5
 Yara's Violent Unravell  Hex/Tmut       3%         3d4       94%         5
 Eringya's Noxious Bog    Tmut/Pois      3%         N/A       100%        6


Dungeon Overview and Level Annotations

Branches:
Dungeon (12/15)            Temple (1/1) D:5            Lair (0/6) D:11
    Orc (0/2) D:10

Altars:
Ashenzari
Cheibriados
Dithmenos
Elyvilon
Fedhas
Gozag
Hepliaklqana
Kikubaaqudgha
Makhleb
Nemelex Xobeh
Okawaru
Qazlal
Ru
Sif Muna
Trog
Uskayaw
Vehumet
Wu Jian
Xom
Yredelemnul
Zin
The Shining One
Jiyva

Shops:
D:5 [

Annotations:
D:9 3 runed translucent doors, earthworldpsion's ghost, novice MiBe


Innate Abilities, Weirdness & Mutations

You can spit globs of acid.
Your golden yellow scales are hard. (AC +7)
You cannot fit into any form of body armour.
You are cold-blooded and may be slowed by cold attacks.
You are resistant to acid. (rCorr)


Message History

You climb upwards.
Your mindless thralls stay behind.
There is a stone staircase leading down here.
There is a stone staircase leading up here.
You climb upwards.
There is a stone staircase leading down here.
There is a hazy altar of Hepliaklqana here.
There is an escape hatch in the ceiling, spattered with blood here.
A mysterious force pulls you upwards. The hatch slams shut behind you.
There is a stone staircase leading up here.
You climb upwards.
There is a stone staircase leading down here.
A rat comes into view.
Press: ? - help, Shift-Dir - straight line, f - rat
Aim: a rat You spit a glob of acid.
The glob of acid hits the rat!
The rat is splashed with acid.
The acid corrodes the rat!
You kill the rat!
Yredelemnul accepts your kill.
You can now recall your undead slaves.
You can now mirror injuries on your foes.
You see here a rat corpse.
You attempt to give life to the dead...
The dead are walking!
Things that are here:
a +0 leather armour; a +0 hand axe You have got your breath back.
Things that are here:
a +0 ring mail; a +0 hand axe
Things that are here:
a +0 scale mail; a +0 short sword Magic restored.
You see here a +0 short sword.
There is a stone staircase leading up here.
You climb upwards.
There is a stone staircase leading down here.
There is a stone staircase leading up here.
You climb upwards.
There is a stone staircase leading down here.
There is an open door here.
There is a staircase leading out of the dungeon here.
Are you sure you want to leave the Dungeon?
This will make you lose the game!
You have escaped!

.................................
............................)....
.......................###.......
####.........................#...
#.#####.#####.#####.#####.#..#
#..###...###...###...###..#..#
#...#.....#.....#.....#...#..# #
#....#####.......#####.)..#..# #
#.....###....@....###.....#..# #
##.....#...........#.....#####
######.....#####.#####.....#.####
......#.....###...###.....#......
#####.##.....#.....#.....#...####
# #.###.....#####.....#..#.#...
#.# ##.....###.....##......##
#####.# ##.....#.....###..###...
......# ##.........## ##.#.....


There were no monsters in sight!

Vanquished Creatures
  A wraith (D:11)
  An acid dragon (D:10)
  An orc warrior (D:10)
  A necrophage (D:6)
  A wolf (D:8)
  3 centaurs
  A water moccasin skeleton (D:6)
  A centaur zombie (D:10)
  A hound (D:7)
  A centaur skeleton (D:7)
  An iguana (D:5)
  An orc wizard (D:11)
  2 adders
  2 orcs
  A ball python (D:4)
  A giant cockroach (D:1)
  2 goblins
  A jackal (D:1)
  2 quokkas
  2 kobolds
  A rat (D:3)
28 creatures vanquished.

Vanquished Creatures (collateral kills)
  2 ugly things
  3 centaur zombies
  2 unseen horrors
  A troll (D:10)
  A wraith (D:10)
  A vampire (D:9)
  Grum (D:8)
  Duvessa (D:7)
  3 water moccasins
  An orc warrior (D:12)
  An ice beast (D:8)
  A necrophage (D:4)
  2 ogres (D:5)
  A sky beast (D:3)
  2 wolves (D:7)
  A phantom (D:6)
  A kobold brigand (D:8)
  4 scorpions
  6 bullfrogs
  Dowan (D:7)
  A water moccasin skeleton (D:5)
  A wight (D:7)
  A howler monkey (D:7)
  A bullfrog zombie (D:7)
  4 hounds
  2 bullfrog skeletons
  6 orc priests
  Terence (D:2)
  2 scorpion zombies (D:3)
  An iguana (D:5)
  2 orc wizards
  A hound zombie (D:3)
  A hound skeleton (D:4)
  Robin (D:3)
  A howler monkey zombie (D:3)
  7 adders
  A howler monkey skeleton (D:7)
  A shadow imp (D:5)
  2 ufetubi
  4 adder skeletons
  An adder zombie (D:3)
  3 worms
  3 dart slugs
  28 orcs
  6 ball pythons
  5 bats
  4 endoplasms
  3 giant cockroaches
  11 goblins
  9 hobgoblins
  7 jackals
  9 kobolds
  3 quokkas
  A ball python skeleton (D:3)
  A ball python zombie (D:3)
  3 frilled lizards
  A quokka skeleton (D:3)
  A quokka zombie (D:3)
  5 rats
181 creatures vanquished.

Vanquished Creatures (others)
  10 yaks
  An orc warrior (D:10)
  A sky beast (D:6)
  A hornet zombie (D:6)
  Crazy Yiuf (D:6)
  An orc priest (D:10)
  An orc wizard (D:10)
  An ugly thing zombie (D:11)
  A wolf zombie (D:8)
  A bullfrog zombie (D:8)
  A water moccasin zombie (D:9)
  A centaur zombie (D:9)
  A kobold zombie (D:8)
  4 orc zombies
  2 yak zombies (D:9)
  3 withered plants (D:3)
31 creatures vanquished.

Grand Total: 240 creatures vanquished

Notes
Turn   | Place    | Note
-------+----------+-------------------------------------------
     0 | D:1      | GlazedDonut the Draconian Summoner began the quest for the
                  | Orb.
     0 | D:1      | Reached XP level 1. HP: 14/14 MP: 3/3
   249 | D:1      | Reached XP level 2. HP: 22/22 MP: 0/5
   471 | D:1      | Found a faded altar of an unknown god.
  1116 | D:1      | Reached skill level 1 in Fighting
  1956 | D:2      | Reached XP level 3. HP: 25/28 MP: 0/6
  2096 | D:2      | Noticed Terence
  2100 | D:2      | Learned a level 2 spell: Call Imp
  2215 | D:2      | Learned a level 3 spell: Call Canine Familiar
  2245 | D:2      | Killed Terence
  3074 | D:3      | Reached XP level 4. HP: 36/36 MP: 2/8
  4156 | D:3      | Reached XP level 5. HP: 9/42 MP: 4/9
  5388 | D:3      | Reached skill level 5 in Summonings
  5470 | D:3      | Noticed Robin
  5707 | D:3      | Killed Robin
  5945 | D:4      | Noticed a necrophage
  5964 | D:4      | Killed a necrophage
  6041 | D:4      | Reached XP level 6. HP: 47/51 MP: 7/11
  6459 | D:4      | Noticed a sky beast
  6534 | D:3      | Killed a sky beast
  7207 | D:4      | Learned a level 3 spell: Summon Guardian Golem
  7208 | D:5      | Entered Level 5 of the Dungeon
  7436 | D:5      | Found Duumouc's Armour Boutique.
  7541 | D:5      | Your scales start taking on a golden yellow colour.
  7541 | D:5      | Reached XP level 7. HP: 57/60 MP: 9/13
  7541 | D:5      | Gained mutation: You are resistant to acid. (rCorr) [Yellow
                  | Draconian growth]
  7575 | D:5      | Found a hazy altar of Hepliaklqana.
  7580 | D:5      | Found a radiant altar of Vehumet.
  7606 | D:5      | Learned a level 4 spell: Summon Lightning Spire
  7659 | D:5      | Found an ornate altar of the Wu Jian Council.
  8276 | D:5      | Reached skill level 5 in Fighting
  8478 | D:5      | Reached skill level 5 in Spellcasting
  8724 | D:5      | Found a staircase to the Ecumenical Temple.
  8733 | Temple   | Entered the Ecumenical Temple
  8797 | Temple   | Became a worshipper of Yredelemnul the Dark
  9655 | D:6      | Reached XP level 8. HP: 54/69 MP: 9/16
  9950 | D:6      | Found a blossoming altar of Fedhas.
 10146 | D:6      | Noticed a two-headed ogre
 10404 | D:6      | Found a runed translucent door.
 10405 | D:6      | Noticed Crazy Yiuf
 10418 | D:6      | Killed Crazy Yiuf
 10641 | D:7      | Noticed Duvessa
 10658 | D:7      | Noticed Dowan
 10663 | D:7      | Killed Duvessa
 10830 | D:7      | Killed Dowan
 11373 | D:8      | Noticed Grum
 11393 | D:7      | Reached * piety under Yredelemnul
 11760 | D:8      | Killed Grum
 11761 | D:8      | Reached XP level 9. HP: 79/79 MP: 5/18
 11919 | D:8      | Found a bloodstained altar of Trog.
 12933 | D:8      | Reached skill level 1 in Evocations
 13100 | D:9      | Found a glowing golden altar of the Shining One.
 13336 | D:9      | Found a shimmering altar of Xom.
 13346 | D:9      | Identified the +4 long sword "Lumaakh" {vorpal, Will+}
 13422 | D:9      | Found a stormy altar of Qazlal.
 13584 | D:9      | Found a sparkling altar of Nemelex Xobeh.
 13746 | D:9      | Found a burning altar of Makhleb.
 13794 | D:9      | Found a snail-covered altar of Cheibriados.
 13821 | D:9      | Found a runed translucent gate.
 13821 | D:9      | Found a runed translucent gate.
 13831 | D:9      | Found a runed translucent gate.
 13835 | D:9      | Noticed earthworldpsion's ghost (novice MiBe)
 14276 | D:9      | Found a viscous altar of Jiyva.
 14449 | D:10     | Entered Level 10 of the Dungeon
 14467 | D:10     | Noticed a brown ugly thing
 14482 | D:9      | Killed a brown ugly thing
 14483 | D:9      | Reached XP level 10. HP: 73/90 MP: 8/21
 15415 | D:10     | Found a shadowy altar of Dithmenos.
 15432 | D:10     | Found a staircase to the Orcish Mines.
 16180 | D:11     | Reached ** piety under Yredelemnul
 16281 | D:11     | Noticed a cyan ugly thing
 16291 | D:11     | Killed a cyan ugly thing
 16410 | D:11     | Found a staircase to the Lair.
 16681 | D:12     | Noticed a four-headed hydra
 16749 | D:12     | Noticed a boulder beetle
 17580 | D:$      | Got out of the dungeon alive.

Illustrated notes

Levels and vault maps discovered:
D:1:      onia_arrival_pyramid, layout_basic, ebering_ecumenical_altar_hall,
          hangedman_abyss_or_decor_stabs
D:2:      layout_basic, uniq_terence
D:3:      layout_loops_cross, serial_undead, serial_undead_c, serial_undead_a,
          serial_undead_f, serial_undead_f, uniq_robin
D:4:      layout_cave_pools, hangedman_abyss_or_decor_lesser_grid
D:5:      layout_basic, vehumet_altar_wand_db, overflow_temple_1_default,
          nzn_wu_jian_contemplation, minmay_temple_entry_slanted, serial_shops,
          shop
D:6:      kennysheep_six_static_rooms, layout_basic,
          lemuel_coloured_pillars_altar, uniq_crazy_yiuf_cottage
D:7:      layout_rooms, kennysheep_generic_room_3, uniq_duvessa
D:8:      layout_basic, nicolae_overflow_crystal_walls, minivault_5,
          minivault_23, uniq_grum
D:9:      layout_stronghold, grunt_qazlal_sundering,
          mainiacjoe_overflow_24_doors, kennysheep_little_box,
          mainiacjoe_overflow_cross_hatched, nemelex_altar_shiori,
          mainiacjoe_overflow_small_starburst, gammafunk_ghost_ooze,
          hangedman_decor_push
D:10:     layout_long_grid, nicolae_dithmenos_the_darkroom, david_orc_3
D:11:     layout_roguey, lair_entry_dummy
D:12:     layout_rooms
Temple:   cyrus_temple_forest

Skill      XL: |  1  2  3  4  5  6  7  8  9 10 |
---------------+-------------------------------+-----
Fighting       | 1 2 3 4 5 7 8 9 |  9.2
Spellcasting   | 3 4 5 6 7 8 |  8.2
Summonings     | 5 6 7 9 |  9.5
Evocations     | 3 4 |  4.8
Dodging        | |  1.9
Stealth        | |  1.9

Action                   |  1- 3 |  4- 6 |  7- 9 | 10-12 || total
-------------------------+-------+-------+-------+-------++-------
Melee: Falchion          |     5 |       |       |       ||     5
       Whip              |    13 |       |       |       ||    13
       Dagger            |     3 |    18 |       |       ||    21
       Tailslap          |     2 |     8 |     4 |     3 ||    17
       Hand axe          |       |    35 |    43 |       ||    78
       Quarterstaff      |       |       |    31 |    45 ||    76
Throw: Boomerang         |       |       |     1 |       ||     1
 Cast: Summon Small Mamm |   114 |    20 |     1 |       ||   135
       Call Imp          |     6 |    74 |   116 |    85 ||   281
       Call Canine Famil |     2 |    35 |    46 |    31 ||   114
       Summon Guardian G |       |       |    12 |     7 ||    19
Invok: Animate Remains   |       |       |    11 |     6 ||    17
 Abil: Breathe Acid      |       |       |     3 |     1 ||     4
Evoke: Wand              |       |       |       |     5 ||     5
  Use: Potion            |     1 |       |       |       ||     1
       Scroll            |       |       |     5 |     4 ||     9
 Stab: Sleeping          |       |     1 |       |       ||     1
       Distracted        |       |       |     1 |     3 ||     4
Armor: Skin              |    19 |    51 |    89 |   103 ||   262
Dodge: Dodged            |    45 |    77 |   122 |    61 ||   305
